[ AOE2 MATCH · #494215393 ]
UnrankedTeutons vs Mongols
Player's team · LOSS
Rival team · WIN
[ REPLAY ANALYSIS · EXTRACTED FROM THE RECORDED GAME ]
Feudal
8:53
Castle
—
Imperial
—
| APM avg | 35.4 |
| APM peak | 66 |
| eAPM avg | 23.1 |
| Villagers / military | 82 / 46 |
Focus
⚔️ 34.6% · 🌾 65.4%
Scout Cavalry ×17 · Skirmisher ×16 · Spearman ×8 · Archer ×5 · Fishing Ship ×3
Feudal
9:49
Castle
32:31
Imperial
—
| APM avg | 45.9 |
| APM peak | 102 |
| eAPM avg | 22.3 |
| Villagers / military | 119 / 105 |
Focus
⚔️ 38.8% · 🌾 61.2%
Archer ×34 · Mangudai ×24 · Knight ×18 · Fishing Ship ×16 · Scout Cavalry ×14 · Skirmisher ×7
Match map
Initial resources + every placement click. Lines = walls · curves = elevation contours. ◆ gold · ⬟ stone · ● berries · ✦ relic · ◌ wall gap
Your base· Open — unwalled flank
Ông Chú Thư Giãn's base· Open — unwalled flank
Smoothed initial terrain · ◌ = detected wall gap · hover for details
Inputs per minute
— Drug0s - - Ông Chú Thư Giãn
Build order — Drug0s
First 150 of 301 actions detected
| 0:01 | Queue | Villager (Male) |
| 0:01 | Queue | Villager (Male) |
| 0:02 | Queue | Villager (Male) |
| 0:02 | Build | House |
| 0:04 | Build | House |
| 0:08 | Queue | Villager (Male) |
| 0:08 | Queue | Villager (Male) |
| 1:25 | Queue | Villager (Male) |
| 1:25 | Queue | Villager (Male) |
| 1:50 | Build | Lumber Camp |
| 2:05 | Queue | Villager (Male) |
| 2:05 | Queue | Villager (Male) |
| 2:33 | Queue | Villager (Male) |
| 2:33 | Queue | Villager (Male) |
| 2:54 | Queue | Villager (Male) |
| 2:54 | Queue | Villager (Male) |
| 3:42 | Queue | Villager (Male) |
| 3:52 | Build | House |
| 3:57 | Queue | Villager (Male) |
| 3:57 | Queue | Villager (Male) |
| 4:38 | Queue | Villager (Male) |
| 5:01 | Queue | Villager (Male) |
| 5:24 | Queue | Villager (Male) |
| 5:28 | Build | Dock |
| 5:38 | Build | House |
| 5:52 | Queue | Villager (Male) |
| 6:16 | Research | Loom |
| 6:43 | Research | Feudal Age |
| 6:44 | Research | Feudal Age |
| 6:45 | Queue | Fishing Ship |
| 6:45 | Queue | Fishing Ship |
| 7:39 | Build | Palisade Wall |
| 7:46 | Queue | Fishing Ship |
| 8:02 | Queue | Villager (Male) |
| 8:19 | Build | Mining Camp |
| 8:22 | Queue | Villager (Male) |
| 8:43 | Build | House |
| 8:53 | Age | Feudal Age |
| 9:00 | Build | Watch Tower |
| 9:15 | Build | Palisade Wall |
| 9:17 | Build | Palisade Wall |
| 9:18 | Build | Palisade Wall |
| 9:20 | Build | Palisade Wall |
| 9:22 | Build | Palisade Wall |
| 9:23 | Build | Palisade Wall |
| 9:25 | Build | Palisade Wall |
| 9:26 | Build | Palisade Wall |
| 9:27 | Build | Palisade Wall |
| 9:29 | Build | Palisade Wall |
| 10:11 | Queue | Villager (Male) |
| 10:13 | Research | Double-Bit Axe |
| 10:30 | Build | Palisade Wall |
| 10:39 | Build | Palisade Wall |
| 11:10 | Queue | Villager (Male) |
| 11:32 | Queue | Villager (Male) |
| 11:38 | Queue | Villager (Male) |
| 11:51 | Build | House |
| 11:54 | Queue | Villager (Male) |
| 12:00 | Build | Watch Tower |
| 12:14 | Build | Barracks |
| 12:40 | Build | House |
| 12:50 | Build | Outpost |
| 13:05 | Build | Watch Tower |
| 13:05 | Queue | Villager (Male) |
| 13:15 | Queue | Villager (Male) |
| 13:28 | Build | Palisade Wall |
| 13:29 | Build | Palisade Wall |
| 13:30 | Build | Palisade Wall |
| 13:31 | Build | Palisade Wall |
| 13:34 | Queue | Villager (Male) |
| 13:47 | Build | House |
| 13:48 | Build | House |
| 13:53 | Build | Watch Tower |
| 14:04 | Build | House |
| 14:13 | Queue | Spearman |
| 14:19 | Build | Mill |
| 14:32 | Build | Watch Tower |
| 15:10 | Queue | Villager (Male) |
| 15:35 | Build | Blacksmith |
| 15:37 | Queue | Villager (Male) |
| 15:42 | Build | Palisade Wall |
| 16:13 | Queue | Villager (Male) |
| 16:21 | Build | Watch Tower |
| 16:32 | Build | Watch Tower |
| 16:57 | Build | Farm |
| 16:58 | Build | Farm |
| 16:59 | Build | Farm |
| 17:02 | Build | Farm |
| 17:15 | Research | Fletching |
| 17:15 | Research | Fletching |
| 17:22 | Build | Farm |
| 17:27 | Build | Farm |
| 18:08 | Queue | Villager (Male) |
| 18:28 | Queue | Villager (Male) |
| 18:36 | Build | Farm |
| 18:40 | Build | Mining Camp |
| 19:01 | Queue | Villager (Male) |
| 19:17 | Queue | Villager (Male) |
| 19:35 | Queue | Spearman |
| 19:39 | Build | Archery Range |
| 19:55 | Queue | Villager (Male) |
| 20:04 | Build | House |
| 20:13 | Queue | Villager (Male) |
| 20:20 | Build | Mining Camp |
| 20:27 | Queue | Villager (Male) |
| 20:37 | Queue | Villager (Male) |
| 20:50 | Queue | Skirmisher |
| 20:50 | Queue | Skirmisher |
| 20:57 | Build | Farm |
| 21:01 | Build | Farm |
| 21:05 | Build | Farm |
| 21:07 | Build | Watch Tower |
| 21:21 | Build | Watch Tower |
| 21:27 | Build | House |
| 21:29 | Build | Palisade Wall |
| 22:02 | Queue | Villager (Male) |
| 22:13 | Queue | Skirmisher |
| 22:21 | Build | Farm |
| 22:40 | Queue | Skirmisher |
| 22:59 | Queue | Villager (Male) |
| 23:03 | Build | Market |
| 23:25 | Queue | Skirmisher |
| 23:37 | Queue | Skirmisher |
| 23:41 | Queue | Villager (Male) |
| 23:55 | Build | Watch Tower |
| 24:01 | Queue | Villager (Male) |
| 24:06 | Build | Farm |
| 24:10 | Build | Farm |
| 24:13 | Build | Farm |
| 24:24 | Build | Outpost |
| 24:28 | Queue | Villager (Male) |
| 24:34 | Build | House |
| 24:35 | Build | House |
| 24:37 | Build | House |
| 24:44 | Queue | Villager (Male) |
| 25:27 | Queue | Villager (Male) |
| 25:33 | Build | Farm |
| 25:44 | Build | Watch Tower |
| 25:49 | Queue | Villager (Male) |
| 25:54 | Build | Farm |
| 25:54 | Queue | Villager (Male) |
| 26:11 | Build | House |
| 26:24 | Queue | Villager (Male) |
| 26:40 | Build | Stable |
| 26:47 | Build | Farm |
| 26:47 | Build | Farm |
| 27:00 | Build | Farm |
| 27:04 | Queue | Villager (Male) |
| 27:26 | Queue | Villager (Male) |
| 27:37 | Queue | Villager (Male) |
Build order — Ông Chú Thư Giãn
First 150 of 342 actions detected
| 0:01 | Queue | Villager (Male) |
| 0:01 | Queue | Villager (Male) |
| 0:01 | Queue | Villager (Male) |
| 0:03 | Build | House |
| 0:04 | Build | House |
| 0:10 | Queue | Villager (Male) |
| 0:10 | Queue | Villager (Male) |
| 1:24 | Queue | Villager (Male) |
| 1:24 | Queue | Villager (Male) |
| 2:00 | Queue | Villager (Male) |
| 2:00 | Queue | Villager (Male) |
| 2:06 | Build | Lumber Camp |
| 2:18 | Queue | Villager (Male) |
| 2:18 | Queue | Villager (Male) |
| 2:18 | Queue | Villager (Male) |
| 2:38 | Build | House |
| 2:47 | Queue | Villager (Male) |
| 2:47 | Queue | Villager (Male) |
| 3:06 | Queue | Villager (Male) |
| 3:48 | Research | Loom |
| 3:48 | Research | Loom |
| 4:08 | Queue | Villager (Male) |
| 4:08 | Queue | Villager (Male) |
| 4:25 | Queue | Villager (Male) |
| 4:25 | Queue | Villager (Male) |
| 4:26 | Queue | Villager (Male) |
| 4:26 | Queue | Villager (Male) |
| 4:51 | Queue | Villager (Male) |
| 4:51 | Queue | Villager (Male) |
| 4:51 | Queue | Villager (Male) |
| 4:53 | Queue | Villager (Male) |
| 4:53 | Queue | Villager (Male) |
| 4:55 | Build | Barracks |
| 4:59 | Build | Barracks |
| 5:18 | Queue | Villager (Male) |
| 5:37 | Build | House |
| 5:40 | Queue | Villager (Male) |
| 5:56 | Queue | Militia |
| 5:56 | Queue | Militia |
| 6:47 | Queue | Militia |
| 6:53 | Queue | Villager (Male) |
| 7:02 | Build | Mill |
| 7:39 | Research | Feudal Age |
| 7:45 | Build | Mining Camp |
| 8:45 | Queue | Militia |
| 8:51 | Queue | Militia |
| 8:56 | Build | House |
| 9:49 | Age | Feudal Age |
| 9:55 | Research | Man-at-Arms (upgrade) |
| 9:55 | Research | Man-at-Arms (upgrade) |
| 9:56 | Queue | Villager (Male) |
| 9:56 | Queue | Villager (Male) |
| 9:56 | Queue | Villager (Male) |
| 11:21 | Queue | Villager (Male) |
| 11:40 | Build | Archery Range |
| 11:43 | Build | Archery Range |
| 12:12 | Build | Archery Range |
| 12:15 | Queue | Archer |
| 12:15 | Queue | Archer |
| 12:15 | Queue | Archer |
| 12:20 | Build | Mining Camp |
| 13:03 | Build | Watch Tower |
| 13:07 | Queue | Villager (Male) |
| 13:07 | Queue | Villager (Male) |
| 13:08 | Queue | Archer |
| 13:08 | Queue | Archer |
| 13:08 | Queue | Archer |
| 13:09 | Queue | Archer |
| 13:28 | Build | Palisade Wall |
| 13:51 | Build | House |
| 13:53 | Build | Palisade Wall |
| 13:59 | Queue | Villager (Male) |
| 13:59 | Queue | Villager (Male) |
| 13:59 | Queue | Villager (Male) |
| 14:03 | Queue | Archer |
| 14:27 | Build | House |
| 14:29 | Queue | Archer |
| 14:29 | Queue | Archer |
| 14:29 | Queue | Archer |
| 14:32 | Build | Farm |
| 14:33 | Build | Farm |
| 14:56 | Queue | Villager (Male) |
| 14:57 | Queue | Villager (Male) |
| 14:57 | Queue | Archer |
| 14:57 | Queue | Archer |
| 15:00 | Build | Farm |
| 15:07 | Build | House |
| 15:14 | Queue | Villager (Male) |
| 15:41 | Build | House |
| 15:51 | Queue | Archer |
| 15:51 | Queue | Archer |
| 16:07 | Queue | Villager (Male) |
| 16:07 | Queue | Villager (Male) |
| 16:13 | Build | Farm |
| 16:18 | Build | House |
| 16:57 | Queue | Villager (Male) |
| 16:57 | Queue | Villager (Male) |
| 16:58 | Queue | Archer |
| 16:58 | Queue | Archer |
| 17:12 | Build | Farm |
| 17:23 | Queue | Villager (Male) |
| 18:01 | Queue | Archer |
| 18:01 | Queue | Archer |
| 18:12 | Build | Watch Tower |
| 18:16 | Queue | Villager (Male) |
| 18:16 | Queue | Villager (Male) |
| 18:35 | Queue | Villager (Male) |
| 18:56 | Build | Farm |
| 18:56 | Queue | Archer |
| 18:56 | Queue | Archer |
| 19:02 | Queue | Villager (Male) |
| 19:02 | Queue | Villager (Male) |
| 19:03 | Queue | Villager (Male) |
| 19:19 | Build | Dock |
| 19:34 | Queue | Villager (Male) |
| 19:35 | Queue | Villager (Male) |
| 20:00 | Queue | Fishing Ship |
| 20:02 | Build | House |
| 20:13 | Queue | Villager (Male) |
| 20:14 | Queue | Archer |
| 20:14 | Queue | Archer |
| 20:24 | Queue | Fishing Ship |
| 20:24 | Queue | Fishing Ship |
| 20:39 | Queue | Villager (Male) |
| 20:39 | Queue | Villager (Male) |
| 20:43 | Queue | Fishing Ship |
| 20:51 | Queue | Villager (Male) |
| 20:51 | Queue | Villager (Male) |
| 20:52 | Queue | Archer |
| 20:52 | Queue | Archer |
| 21:55 | Queue | Villager (Male) |
| 22:04 | Queue | Villager (Male) |
| 22:06 | Build | Blacksmith |
| 22:06 | Queue | Fishing Ship |
| 22:07 | Queue | Fishing Ship |
| 22:15 | Queue | Archer |
| 22:15 | Queue | Archer |
| 22:18 | Queue | Villager (Male) |
| 22:35 | Build | House |
| 22:39 | Queue | Fishing Ship |
| 22:47 | Queue | Archer |
| 22:50 | Queue | Villager (Male) |
| 22:59 | Research | Fletching |
| 22:59 | Research | Fletching |
| 23:08 | Queue | Skirmisher |
| 23:09 | Queue | Villager (Male) |
| 23:20 | Queue | Villager (Male) |
| 23:27 | Build | Lumber Camp |
| 23:37 | Queue | Archer |
| 23:37 | Queue | Skirmisher |
Match timeline
| 4:55 | Ông Chú Thư Giãn · first_building Barracks |
| 5:28 | Drug0s · first_building Dock |
| 7:39 | Drug0s · wall_segment Palisade Wall x1 |
| 8:53 | Drug0s · age_up feudal |
| 9:15 | Drug0s · wall_segment Palisade Wall x1 |
| 9:17 | Drug0s · wall_segment Palisade Wall x1 |
| 9:18 | Drug0s · wall_segment Palisade Wall x1 |
| 9:20 | Drug0s · wall_segment Palisade Wall x1 |
| 9:22 | Drug0s · wall_segment Palisade Wall x1 |
| 9:23 | Drug0s · wall_segment Palisade Wall x1 |
| 9:25 | Drug0s · wall_segment Palisade Wall x1 |
| 9:26 | Drug0s · wall_segment Palisade Wall x1 |
| 9:27 | Drug0s · wall_segment Palisade Wall x1 |
| 9:29 | Drug0s · wall_segment Palisade Wall x1 |
| 9:49 | Ông Chú Thư Giãn · age_up feudal |
| 10:30 | Drug0s · wall_segment Palisade Wall x1 |
| 10:39 | Drug0s · wall_segment Palisade Wall x1 |
| 11:40 | Ông Chú Thư Giãn · first_building Archery Range |
| 12:14 | Drug0s · first_building Barracks |
| 13:28 | Ông Chú Thư Giãn · wall_segment Palisade Wall x1 |
| 13:28 | Drug0s · wall_segment Palisade Wall x2 |
| 13:29 | Drug0s · wall_segment Palisade Wall x3 |
| 13:30 | Drug0s · wall_segment Palisade Wall x3 |
| 13:31 | Drug0s · wall_segment Palisade Wall x2 |
| 13:53 | Ông Chú Thư Giãn · wall_segment Palisade Wall x1 |
| 15:42 | Drug0s · wall_segment Palisade Wall x1 |
| 19:19 | Ông Chú Thư Giãn · first_building Dock |
| 19:39 | Drug0s · first_building Archery Range |
| 21:29 | Drug0s · wall_segment Palisade Wall x1 |
| 23:49 | Drug0s · first_market_buy 100 stone |
| 26:40 | Drug0s · first_building Stable |
| 29:07 | Ông Chú Thư Giãn · wall_segment Palisade Wall x1 |
| 29:25 | Ông Chú Thư Giãn · wall_segment Palisade Wall x1 |
| 29:27 | Ông Chú Thư Giãn · wall_segment Palisade Wall x1 |
| 29:48 | Ông Chú Thư Giãn · wall_segment Palisade Wall x1 |
| 29:50 | Ông Chú Thư Giãn · first_building Stable |
| 30:30 | Ông Chú Thư Giãn · wall_segment Palisade Wall x1 |
| 30:31 | Ông Chú Thư Giãn · wall_segment Palisade Wall x1 |
| 32:04 | Drug0s · wall_segment Palisade Wall x1 |
| 32:31 | Ông Chú Thư Giãn · age_up castle |
| 32:34 | Ông Chú Thư Giãn · first_building Castle |
| 32:51 | Drug0s · first_market_sell 100 food |
| 34:23 | Drug0s · wall_segment Palisade Wall x4 |
| 34:24 | Drug0s · wall_segment Palisade Wall x8 |
| 34:25 | Drug0s · wall_segment Palisade Wall x4 |
| 37:57 | Ông Chú Thư Giãn · first_building Siege Workshop |
| 39:21 | Ông Chú Thư Giãn · first_market_sell 100 wood |
| 39:22 | Ông Chú Thư Giãn · first_market_buy 100 stone |
| 46:11 | Drug0s · resign |
[ AI ANALYSIS · 1 CREDIT ]
What really happened in this match?
Wolo.gg analyzes every decision: build order, eco, micro, common mistakes by bracket. Personalized analysis on WhatsApp or Discord in 30 seconds.
Civ guide
Teutons
Perfil
Jugador #3129236